cohdb
Replays
Latest Replays
All Replays
Popular Replays
Top Player Replays
Match Explorer
How It Works
Community
CoH3 Stats
Reddit
Sign in to upload your games and track your stats! →
Sign in with Steam
Match 32957622
Unlisted
Match 32957622
Overview
Messages
Build Orders
End
Kettenkrad Recon Vehicle
Construct Infanterie Kompanie
Grenadier Squad
MG 42 Machine Gun Team
Selects Mechanized Battlegroup
Grenadier Squad
GrW 34 Mortar Team
Construct Panzergrenadier Kompanie
251 Medium Carrier
Selects Raid Package
Panzergrenadier Squad
Medical Station
Support Elements
Selects StuG Assault Group
StuG III G Assault Gun
Nebelwerfer 42 Rocket Launcher Team
Construct Panzer Kompanie
Selects Mobile Repair Stations
Aristoplates
Death_Pendrix
颐使气指的教师爷
首席
gUi
johan7engman
0
0
Comments
sign in to comment!
No comments posted yet!